[Event "Italian-ch Semifinal 2022"]
[Site "Acqui Terme"]
[Date "2022.06.16"]
[Round "6.3"]
[White "Genocchio, Daniele"]
[Black "Lumachi, Gabriele"]
[Result "1/2-1/2"]
[ECO "C54"]
[WhiteElo "2365"]
[BlackElo "2347"]
[Annotator "TA"]
[PlyCount "132"]
[EventDate "2022.06.15"]
[EventType "swiss"]
[EventCountry "ITA"]
[SourceTitle "playchess.com"]
[Source "ChessBase"]
[SourceQuality "1"]
[TimeControl "40/5400+30:1800+30"]

1. e4 e5 2. Nf3 Nc6 3. Bc4 Bc5 4. c3 Nf6 5. d3 d6 6. O-O O-O 7. b4 Bb6 8. a4 a5 9. b5 Ne7 10. Bg5 Ng6 11. Nh4 {[%emt 0:00:05] C54: Giuoco Piano: 4 c3 Nf6, main lines with 5 d4 and 5 d3.} Nf4 12. Nd2 Ne6 (12... c6 {is interesting.} 13. d4 exd4 14. Bxf4 dxc3 15. Ndf3 Nxe4 16. Bd3 d5) 13. Bxe6 {[%emt 0:01:30] [#] White is slightly better.} fxe6 $146 ({Predecessor:} 13... Bxe6 14. Qf3 Re8 15. Nc4 Bxc4 16. Bxf6 Qxf6 17. Qxf6 gxf6 18. dxc4 h5 19. Nf5 Kh7 {1-0 (40) Miettinen,K (2405)-Turko,S ICCF email 2001}) 14. Nhf3 Qe8 15. Nc4 Nh5 (15... Bc5 $14) 16. Nxb6 $18 cxb6 17. g3 {[%emt 0:06:22] Against Nf4} (17. Be3 $18) 17... Qf7 18. Kg2 Kh8 (18... Nf6 $16 {might work better.} 19. Qe2 Qg6 20. Bxf6 Qxf6) 19. Bc1 Qg6 20. Nh4 Qf7 21. Ba3 Rd8 22. Qf3 Nf6 23. Qe3 Qc7 24. Nf3 {[%emt 0:04:40] White is more active.} h6 (24... Bd7 $16 {keeps fighting.}) 25. Rac1 Bd7 26. d4 Be8 {[%emt 0:00:17] [#]} 27. Bxd6 $1 Rxd6 28. dxe5 Nd5 29. exd5 Rxd5 30. Rfe1 ({White should play} 30. c4 $18 Rc5 31. Qe4) 30... Bh5 31. Nd4 Qc4 (31... Re8 $16) 32. h3 (32. Nxe6 $18 {and the rest is easy.} Rd3 33. Qxb6) 32... Rc8 $2 (32... Re8 $16) 33. g4 $2 (33. Nxe6 $18 Bf7 34. Nf4 (34. Qxb6 Bxe6 35. Qxe6 Rf8 $18)) 33... Bf7 {[%emt 0:00:07] [#]} (33... Bg6 $142) 34. Red1 (34. g5 $1 $16 ) 34... Qxa4 35. Qf4 (35. g5 $16 h5 36. Qf3) 35... Kg8 $11 36. Nxe6 $2 {[%emt 0:00:35] [#]} Qxf4 $1 $19 ({And not} 36... Rxd1 37. Qxa4 Rxc1 38. Nf4 $11) 37. Nxf4 Rxe5 38. Rd7 Rxb5 39. Kg3 (39. Re1 $142 Re8 40. Red1 (40. Rxe8+ $2 Bxe8 41. Rd8 Kf7 $19)) 39... Rbc5 40. Ne2 R5c7 41. Rd6 (41. Rxc7 {was worth a try.} Rxc7 42. Ra1) 41... Bc4 42. Nd4 Ba6 43. f3 Rxc3 44. Re1 R3c7 (44... Rd3 $19 {is more deadly. Threatens to win with ...a4.} 45. Ra1 Bc4) 45. h4 a4 (45... Ra8 $142 46. Rxb6 a4) 46. Nf5 (46. Ra1 $17) 46... Rf8 47. Rxb6 Bd3 48. Ne7+ Kh7 49. Nd5 Rcf7 (49... Rd7 $19 50. Nf4 Bc4) 50. Re3 $17 {[%emt 0:00:15] [#]} a3 $1 51. Nb4 $15 {[%emt 0:07:45] [#]} Rd7 {[%emt 0:00:07][%cal Of8a8] ...Ra8! is the strong threat.} 52. Na2 $1 Ra8 (52... h5 $17 {aiming for ...hxg4.} 53. gxh5 Bf1 54. Rxa3 Rd2) 53. Rb3 $11 {[%emt 0:00:04] The position is equal.} Bc4 54. Rxa3 Rxa3 55. Rxa3 Bxa2 56. Rxa2 {[%emt 0:00:04][%mdl 4096] Endgame KR-KR} b5 57. Kf4 b4 58. Rb2 Rb7 59. Rb3 Kg6 60. Ke5 h5 61. Kd5 Kf6 62. Kc6 Rb8 63. Kc7 Rb5 64. Kc6 Rb8 65. Kc7 Rb5 66. Kc6 Rb8 {[%emt 0:02:19] White happily takes the draw.  Weighted Error Value: White=0.37/Black=0.38} 1/2-1/2

[Event "Italian-ch Semifinal 2022"]
[Site "Acqui Terme"]
[Date "2022.06.16"]
[Round "6.4"]
[White "Martorelli, Antonio"]
[Black "Pasini, Nicolo"]
[Result "1/2-1/2"]
[ECO "B31"]
[WhiteElo "2141"]
[BlackElo "2227"]
[Annotator "TA"]
[PlyCount "102"]
[EventDate "2022.06.15"]
[EventType "swiss"]
[EventCountry "ITA"]
[SourceTitle "playchess.com"]
[Source "ChessBase"]
[SourceQuality "1"]
[TimeControl "40/5400+30:1800+30"]

1. e4 c5 2. Nf3 Nc6 3. Bb5 g6 4. O-O Bg7 5. c3 Nf6 6. d4 Nxe4 7. d5 Nd6 8. Na3 {[%emt 0:00:24] B31: Sicilian: 2...Nc6 3 Bb5 g6.} Na5 9. Bd3 O-O 10. Bf4 {[%emt 0:01:29] Black is slightly better.} b6 {[%emt 0:06:49] [#]} 11. h4 $146 ({Predecessor:} 11. Qe2 Ne8 12. Rae1 Nf6 13. d6 e6 14. Nb5 Nd5 15. Bg3 Bb7 16. Rd1 Qc8 17. Nc7 Nxc7 18. dxc7 {½-½ (68) Tanis,C (2184)-Frijling,J (2264) ICCF email 2016}) 11... Ne8 12. h5 d6 13. Qd2 Nf6 14. hxg6 hxg6 15. Bh6 Bg4 (15... Nxd5 16. Be4 e6 17. c4 $11) 16. Nh2 Qc8 (16... Bd7 $15) 17. Rfe1 Re8 (17... Nxd5 18. Bxg6 $1 fxg6 19. Qxd5+ e6 20. Qxd6 $1 (20. Qd2 e5 $16) 20... Bxh6 21. Nxg4 $18) 18. c4 (18. b4 $11 Nb7 19. Rac1) 18... Bf5 $15 19. Bxg7 Kxg7 20. Re3 Bxd3 (20... e5 {keeps more tension.} 21. dxe6 Bxd3 22. Qxd3 Rxe6 23. Rh3 Qd7) 21. Qxd3 e5 (21... e6 {is more complex.} 22. dxe6 Rxe6 23. Rh3 Qd7) 22. dxe6 Rxe6 23. Rae1 ({Better is} 23. Rh3 $15) 23... Rxe3 $17 24. Rxe3 Qd7 25. Nb5 d5 26. cxd5 Qxd5 (26... c4 $2 27. Qc3 $1 Qxd5 28. Nc7 Qd1+ 29. Re1 $18) 27. Qc3 {[%emt 0:03:03] And now Nc7 would win.} Qd1+ $2 (27... Qxa2 $2 28. Rf3 (28. Ng4 Qb1+ 29. Re1 Qf5 $11) 28... Qe6 29. Nc7 $18) ({Black should try} 27... Rd8 $19 {aiming for ...a6.} 28. Nxa7 Nc4) 28. Nf1 $11 ({Of course not} 28. Re1 Qa4 29. Nc7 Rh8 $15) 28... Nc6 {[%emt 0:01:10] White must now prevent ...Rd8.} 29. Rd3 (29. Nc7 $11 Rh8 30. Ne8+ Rxe8 31. Rxe8) 29... Qa4 (29... Qh5 $1 $15) 30. Rd6 $1 $14 ({Avoid the trap} 30. Nc7 $2 Nd4 $1 31. Rd2 Rd8 $19) 30... Nd4 $1 31. Nxd4 cxd4 32. Rxd4 Qa5 (32... Qb5 {is interesting.} 33. Rd6 Qf5 34. Ne3 Qf4) 33. Qxa5 bxa5 {[%emt 0:00:01][%mdl 4096] Endgame KRN-KRN} 34. Ra4 Rb8 35. Rxa5 Rxb2 36. Rxa7 Ne4 37. f3 Nc3 38. a4 Ra2 39. a5 Nb5 40. Ra6 Nc7 41. Rc6 Nd5 42. Rc5 Nf4 43. Ne3 Re2 {[%emt 0:02:12] [#]} (43... Ra3 $11 {remains equal.} 44. Nc4 Ra2) 44. Re5 ({White should play} 44. Nc2 $1 $16) 44... Ra2 $11 {[%emt 0:06:57] The position is equal.} 45. g4 Kf6 46. Rb5 Ne2+ 47. Kf1 {[%emt 0:04:45] Nd5+ is the strong threat.} Ng3+ 48. Kg1 Ne2+ 49. Kf1 {[%emt 0:00:17] Threatens to win with Nd5+.} Ng3+ 50. Kg1 {[%emt 0:00:10] Hoping for Nd5+.} Ne2+ 51. Kf1 {[%emt 0:01:09] Strongly threatening Nd5+.} Ng3+ {[%emt 0:00:06] Weighted Error Value: White=0.14 (very precise) /Black=0.17 (very precise)} 1/2-1/2

[Event "Italian-ch Semifinal 2022"]
[Site "Acqui Terme"]
[Date "2022.06.16"]
[Round "6.5"]
[White "Carnicelli, Valerio"]
[Black "Corvi, Marco"]
[Result "1/2-1/2"]
[ECO "B45"]
[WhiteElo "2319"]
[BlackElo "2318"]
[Annotator "TA"]
[PlyCount "146"]
[EventDate "2022.06.15"]
[EventType "swiss"]
[EventCountry "ITA"]
[SourceTitle "playchess.com"]
[Source "ChessBase"]
[SourceQuality "1"]
[TimeControl "40/5400+30:1800+30"]

1. e4 c5 2. Nf3 e6 3. d4 cxd4 4. Nxd4 Nf6 5. Nc3 Nc6 6. Ndb5 Bb4 7. Bf4 Nxe4 8. Nc7+ {[%emt 0:00:25] B45: Sicilian Four Knights.} (8. Qf3 $5 Nxc3 9. bxc3 $11) 8... Kf8 9. Qf3 (9. Nxa8 Qf6 10. Qf3 Nxc3 $17) 9... Bxc3+ (9... Nxc3 $1 $11 10. bxc3 Qf6) 10. bxc3 $16 {[%emt 0:00:17] White is better.} d5 11. O-O-O (11. Nxa8 $16 {aiming for Bc7.} e5 12. Bc1) 11... Qe7 $11 12. c4 Nb4 $36 {[%emt 0:10:36][%mdl 2048] Black has the initiative.} 13. a3 Na2+ 14. Kb2 {[%emt 0:00:04] [#]} Nac3 15. Rd3 {[%emt 0:01:59] [#]} (15. Re1 Qf6) 15... Na4+ (15... e5 $1 $15 16. Nxa8 Na4+ 17. Kc1 exf4 18. Qxf4 dxc4) 16. Kc1 $14 {[%emt 0:01:32] Active counter play!} Qf6 {[%emt 0:03:30] [#]} (16... Nac5 $1 $14) 17. Bd6+ $146 (17. Rb3 $1 $16 {is forced if you want to stay better.} Nac5 18. Rb1 (18. Nxa8 Nxb3+ 19. cxb3 Qa1+ 20. Kc2 Nxf2 $11)) ({Predecessor:} 17. c3 e5 18. Nxd5 Qf5 19. g4 Qg6 20. Bxe5 Bxg4 21. Qf4 Nac5 22. f3 Nf2 23. Bd6+ {1-0 (30) Krug,P (2187)-Poppner,D (2053) Berlin 2003}) 17... Nxd6 $17 {[%emt 0:00:24] Pair of Knights!} 18. Qxf6 gxf6 19. Nxa8 Nxc4 20. Nc7 (20. Rd4 $142 Nab2 21. Nc7) 20... a6 21. Rd4 b5 (21... Nab6 $17 22. Bxc4 Nxc4) 22. Bxc4 $15 bxc4 23. Nxd5 exd5 24. Rxd5 Kg7 25. Re1 Nc3 (25... Be6 $17 26. Ra5 Nc3) 26. Rc5 (26. Rd4 $1 $11 Nb5 27. Rxc4) 26... Be6 $17 27. Re3 Nb5 $1 28. Rc6 Ra8 $1 29. h3 Kf8 (29... Nd4 $17 30. Rc7 Rd8) 30. Rc5 ({Better is} 30. g4 $15) 30... f5 31. Rc6 Ra7 (31... Bd5 32. Rh6 $17) (31... f4 $142 32. Re5 f3 33. gxf3 Nd4) 32. h4 (32. a4 $17 Nc7 33. Re1) 32... Nc7 33. Rc5 Rb7 34. Rc6 Ra7 (34... Nd5 $17 35. Re5 Ra7) 35. h5 $2 (35. Rc5 $1 $11) 35... h6 $19 36. Rb6 (36. Re1 $17) 36... f4 37. Re5 (37. Rb8+ $17 Kg7 38. Re4) 37... Nd5 38. Rd6 Nc7 (38... Nc3 $1 $17 39. Rd4 f3 40. gxf3 Rb7) 39. Ra5 (39. Rb6 $1 $11 {remains equal.}) 39... Ke7 $17 40. Rb6 (40. Rd4 $17 {is the only way for White.}) 40... Ra8 $19 41. Rc5 Ra7 (41... Nd5 $19 42. Rb7+ Kf6 43. Rxc4 Rg8) 42. Rb8 (42. Ra5 $1 $11 {and White stays safe.}) 42... Kf6 ({Black should play} 42... Nb5 $19 43. Re5 Rd7) 43. Rh8 (43. Rb6 $17 {keeps fighting.}) 43... Kg7 44. Rd8 {[%emt 0:00:28] [#]} Rb7 (44... Nb5 $1 $19 {White must now prevent ...Rb7.} 45. Kb2 Rb7) 45. a4 $17 Kf6 (45... Bg4 $17 {Strongly threatening ...Ne6.} 46. Rd2 (46. Rd6 Ne6 $15) 46... f3) 46. Kd2 Ke7 47. Rd4 Ne8 48. Rxf4 Rd7+ 49. Ke2 Nf6 50. Rh4 ({White should try} 50. Ke1) 50... Kd6 51. Ra5 Ra7 52. Rd4+ Bd5 (52... Kc6 $17 {...Nd7 is the strong threat.} 53. Re5 Nd7) 53. f3 $11 Kc6 54. Kf2 (54. g4 $1 $11) 54... Be6 $17 {[%emt 0:01:04] And now ...Nd7 would win.} 55. g4 {[%emt 0:00:24] [#]} (55. Re5 $142) 55... Nd7 $1 {[%emt 0:00:47] Threatens to win with ...Nc5.} 56. f4 (56. g5 {was necessary.}) 56... Kb6 (56... Bxg4 57. Rxc4+ Kd6 58. Rc8 $11) (56... Nc5 $142 {Hoping for ...Kb6.} 57. g5 Kb6 58. Rxc5 Kxc5) 57. Rad5 $19 Bxd5 ({Don't take} 57... Bxg4 58. a5+ Kc6 59. Rd6+ Kc7 60. Rxh6 $16) 58. Rxd5 {[%emt 0:00:01][%mdl 4096] Endgame KRN-KR} Kc6 {[%emt 0:01:06] Against Rd6+} 59. Rf5 f6 60. g5 (60. Ke3 $17 {might work better.}) 60... fxg5 61. fxg5 hxg5 62. Rxg5 Nc5 63. Rg6+ Kd5 64. h6 Rh7 ({Not} 64... Nxa4 $2 65. Ke3) 65. Ke3 a5 ({Worse is} 65... Nxa4 66. Rxa6 Nc5 67. Rf6 $17) (65... Re7+ $19 66. Kf4 Rf7+ 67. Ke3 Ne6) 66. Rg5+ $15 Kd6 67. Rh5 Ne6 68. c3 Ke7 69. Ke4 Kf6 70. Rf5+ Ke7 71. Rh5 Kf6 72. Rf5+ Ke7 73. Rh5 Kf6 {[%emt 0:01:21] Black had all chances to win.  Weighted Error Value: White=0.52/Black=0.37} 1/2-1/2

[Event "Italian-ch Semifinal 2022"]
[Site "Acqui Terme"]
[Date "2022.06.16"]
[Round "6.6"]
[White "Bettalli, Francesco"]
[Black "Perossa, Nicolas"]
[Result "1/2-1/2"]
[ECO "C01"]
[WhiteElo "2304"]
[BlackElo "2139"]
[Annotator "TA"]
[PlyCount "63"]
[EventDate "2022.06.15"]
[EventType "swiss"]
[EventCountry "ITA"]
[SourceTitle "playchess.com"]
[Source "ChessBase"]
[SourceQuality "1"]
[TimeControl "40/5400+30:1800+30"]

1. e4 e6 2. d4 d5 3. Nc3 Bb4 4. exd5 exd5 5. Bd3 Ne7 6. Nf3 O-O {[%emt 0:00:36] C01: French: Exchange Variation.} 7. O-O c6 8. Re1 Bd6 {[%emt 0:02:14] The position is equal.} 9. Bg5 f6 {[%emt 0:00:28] [#]} 10. Bd2 $146 ({Predecessor:} 10. Bh4 Nf5 11. Bg3 Nxg3 12. hxg3 Bg4 13. Be2 Bd7 14. Nh4 g5 15. Nf3 g4 16. Nh2 {0-1 (38) Tanenbaum,Z (2137)-Nakamura,H (2736) Chess.com INT 2020}) 10... Bf5 11. Bf1 Ng6 12. Ne2 Re8 13. Ng3 Rxe1 14. Nxe1 Be6 15. Bd3 Qd7 16. c3 Na6 17. Qc2 Bxg3 18. hxg3 Kf7 19. f4 ({Better is} 19. Qb3 $14) 19... Ne7 $11 20. Nf3 ({But not} 20. Bxh7 $2 g6 21. Nf3 Bf5 $19) 20... Bf5 21. Re1 {[%emt 0:03:01][%cal Oe1e7] [#] Strongly threatening Rxe7+!} g6 22. b3 Re8 23. c4 Bxd3 24. Qxd3 Nf5 25. g4 Rxe1+ 26. Bxe1 Nd6 27. g5 Qf5 28. Qxf5 Nxf5 29. gxf6 Kxf6 30. Kf2 h5 31. Ke2 Nc7 {[%emt 0:05:20] Hoping for ...Ne6.} 32. Bh4+ $2 {[%emt 0:53:00] Weighted Error Value: White=0.10 (very precise) /Black=0.06 (flawless)} (32. g3 $11 {and White has nothing to worry.}) 1/2-1/2

[Event "Italian-ch Semifinal 2022"]
[Site "Acqui Terme"]
[Date "2022.06.16"]
[Round "6.7"]
[White "Misiano, Franco"]
[Black "Tripodi, Enzo"]
[Result "1/2-1/2"]
[ECO "B99"]
[WhiteElo "2195"]
[BlackElo "2170"]
[Annotator "NA RC"]
[PlyCount "143"]
[EventDate "2022.06.15"]
[EventType "swiss"]
[EventCountry "ITA"]
[SourceTitle "playchess.com"]
[Source "ChessBase"]
[SourceQuality "1"]
[TimeControl "40/5400+30:1800+30"]

1. e4 c5 2. Nf3 d6 3. d4 cxd4 4. Nxd4 Nf6 5. Nc3 a6 6. Bg5 e6 7. f4 Be7 8. Qf3 Qc7 9. O-O-O Nbd7 10. g4 h6 11. Bh4 g5 12. e5 dxe5 13. fxg5 hxg5 14. Bg3 Bb4 15. Ne4 Nxe4 16. Qxe4 Nf6 17. Qxe5 Qxe5 18. Bxe5 Rh6 19. Be2 Ne4 20. Rhf1 f6 21. Bc7 e5 22. Nc6 bxc6 23. Bf3 Bd7 24. Bxe4 Rc8 25. Bd6 Bxd6 26. Rxd6 Ke7 27. Rxd7+ Kxd7 28. Bf5+ Kc7 29. Bxc8 Kxc8 30. Rf2 Kd7 31. Kd2 Ke6 32. Ke3 Rh3+ 33. Ke4 Rh4 34. Kf3 Rh7 35. Rd2 Rb7 36. b3 Rb4 37. c4 a5 38. Ke4 a4 39. Rd3 axb3 40. axb3 Rb7 41. h3 c5 42. Kf3 f5 43. gxf5+ Kxf5 44. Kg3 Ke4 45. Rd5 Kf5 46. Rd3 Rb8 47. Rf3+ Ke4 48. Kg4 Rh8 49. Rf1 Rh4+ 50. Kxg5 Rxh3 51. Rd1 Rd3 52. Rb1 Kd4 53. b4 cxb4 54. Rxb4 Rf3 55. Kg4 Rf4+ 56. Kg3 Ke3 57. Rb5 Rf3+ 58. Kg2 Rf5 59. Rd5 Rf2+ 60. Kg3 e4 61. Rd1 Rc2 62. Re1+ Kd3 63. Kf4 Rf2+ 64. Ke5 e3 65. c5 Kd2 66. Rxe3 Kxe3 67. c6 Rf7 68. Kd6 Kd4 69. c7 Rf8 70. Kd7 Rf7+ 71. Kd6 Rxc7 72. Kxc7 1/2-1/2

[Event "Italian-ch Semifinal 2022"]
[Site "Acqui Terme"]
[Date "2022.06.16"]
[Round "6.8"]
[White "Floris, Federico"]
[Black "Hercegovac, Neven"]
[Result "0-1"]
[ECO "B77"]
[WhiteElo "1950"]
[BlackElo "2155"]
[Annotator "NA RC"]
[PlyCount "54"]
[EventDate "2022.06.15"]
[EventType "swiss"]
[EventCountry "ITA"]
[SourceTitle "playchess.com"]
[Source "ChessBase"]
[SourceQuality "1"]
[TimeControl "40/5400+30:1800+30"]

1. e4 c5 2. Nf3 d6 3. d4 cxd4 4. Nxd4 Nf6 5. Nc3 g6 6. Be3 Bg7 7. f3 O-O 8. Qd2 Nc6 9. Bc4 Nd7 10. O-O-O Nb6 11. Be2 Na5 12. b3 Bd7 13. h4 a6 14. g4 e5 15. Nf5 gxf5 16. Qxd6 Nc6 17. Bxb6 Qxb6 18. Qxd7 Rfd8 19. Qxf5 Nd4 20. Rxd4 Qxd4 21. Kb2 b5 22. Rd1 Qe3 23. Bd3 b4 24. Nd5 Rxd5 25. exd5 e4+ 26. Kb1 Qd4 27. Kc1 e3 0-1

[Event "Italian-ch Semifinal 2022"]
[Site "Acqui Terme"]
[Date "2022.06.16"]
[Round "6.9"]
[White "Andreoni, Giuseppe"]
[Black "Gueci, Laura"]
[Result "1-0"]
[ECO "B13"]
[WhiteElo "2170"]
[BlackElo "1917"]
[Annotator "NA RC"]
[PlyCount "39"]
[EventDate "2022.06.15"]
[EventType "swiss"]
[EventCountry "ITA"]
[SourceTitle "playchess.com"]
[Source "ChessBase"]
[SourceQuality "1"]
[TimeControl "40/5400+30:1800+30"]

1. e4 c6 2. d4 d5 3. exd5 cxd5 4. Bd3 Nc6 5. c3 Nf6 6. h3 e6 7. Nf3 Bd6 8. O-O Qc7 9. Re1 h6 10. Qe2 O-O 11. Nbd2 a6 12. Nf1 b5 13. Ne5 b4 14. Ng3 bxc3 15. bxc3 Bb7 16. Bf4 Na5 17. Rac1 Nc4 18. Qf3 Qd8 19. Bxc4 dxc4 20. Qxb7 1-0

[Event "Italian-ch Semifinal 2022"]
[Site "Acqui Terme"]
[Date "2022.06.16"]
[Round "6.10"]
[White "Pisacane, Pietro"]
[Black "Caprino, Marco"]
[Result "0-1"]
[ECO "A45"]
[WhiteElo "2138"]
[BlackElo "2071"]
[Annotator "NA RC"]
[PlyCount "102"]
[EventDate "2022.06.15"]
[EventType "swiss"]
[EventCountry "ITA"]
[SourceTitle "playchess.com"]
[Source "ChessBase"]
[SourceQuality "1"]
[TimeControl "40/5400+30:1800+30"]

1. d4 Nf6 2. Bf4 c5 3. dxc5 Qa5+ 4. Qd2 Qxc5 5. Nc3 Nc6 6. e4 d6 7. O-O-O Qa5 8. Bc4 e5 9. Bg5 Be6 10. Bxe6 fxe6 11. f3 Rc8 12. Kb1 b5 13. Nce2 Qa4 14. Nc1 Be7 15. Nge2 O-O 16. Nc3 Qa5 17. Nb3 Qb6 18. Be3 Qb7 19. g4 a5 20. Ne2 b4 21. h4 a4 22. Nbc1 Na5 23. Bg5 Qc6 24. b3 axb3 25. cxb3 Qb7 26. Nd3 Rb8 27. h5 Nc6 28. Be3 Nd7 29. Rh3 d5 30. Nb2 d4 31. Bg5 Bxg5 32. Qxg5 Na7 33. h6 Rf7 34. hxg7 Nb5 35. Nc4 Rxg7 36. Qh6 Qc6 37. Rc1 Nc3+ 38. Nxc3 bxc3 39. g5 Qxc4 40. Ka1 Qc6 41. g6 Nf8 42. Rg1 Rxg6 43. Rxg6+ hxg6 44. Qh8+ Kf7 45. Rh7+ Nxh7 46. Qxh7+ Kf6 47. Qh4+ g5 48. Qh6+ Ke7 49. Qxg5+ Kd6 50. f4 Qb5 51. fxe5+ Qxe5 0-1

[Event "Italian-ch Semifinal 2022"]
[Site "Acqui Terme"]
[Date "2022.06.17"]
[Round "7.1"]
[White "Barp, Alberto"]
[Black "Genocchio, Daniele"]
[Result "1-0"]
[ECO "A61"]
[WhiteElo "2384"]
[BlackElo "2365"]
[Annotator "TA"]
[PlyCount "85"]
[EventDate "2022.06.15"]
[EventType "swiss"]
[EventCountry "ITA"]
[SourceTitle "playchess.com"]
[Source "ChessBase"]
[SourceQuality "1"]
[TimeControl "40/5400+30:1800+30"]

1. d4 Nf6 2. c4 e6 3. Nf3 c5 4. d5 exd5 5. cxd5 d6 6. Nc3 g6 7. h3 Bg7 8. e4 {[%emt 0:00:00] A61: Modern Benoni: Nf3 without early e4.} Nbd7 9. Bd3 Nh5 {[%emt 0:07:12] Prevents Bf4.} ({Better is} 9... O-O $14) 10. Bg5 {[%emt 0:00:00] [#] White is better.} Qb6 $146 ({Predecessor:} 10... Bf6 11. Be3 Ne5 12. Be2 Nxf3+ 13. Bxf3 Ng7 14. Qd2 O-O 15. O-O Be5 16. Bf4 Qe7 {1-0 (41) Garriga Cazorla,P (2478)-Fier,A (2558) Chess.com INT 2021}) 11. Qd2 h6 12. Be3 g5 13. g3 Qd8 14. Be2 Nhf6 15. Qc2 a6 16. a4 {[%emt 0:00:00] Inhibits b5. White is more active.} O-O 17. Nd2 Re8 18. h4 (18. Kd1 {seems wilder.} Nh7 19. h4 Bd4 20. hxg5 Bxe3 21. fxe3 Qxg5 22. Nc4) 18... g4 19. O-O Ne5 20. a5 Rb8 21. Ra2 Qe7 22. Re1 Nh5 23. Na4 ({White should try} 23. Nc4 $11) 23... f5 $1 $15 24. Nb6 (24. exf5 $15 Qf7 25. f6 Nxf6 26. Nc4 Nxc4 27. Bxc4) 24... f4 $1 $19 25. Nxc8 Rbxc8 26. gxf4 {[%emt 0:00:00] [#]} (26. Bxf4 {was the crucial defense.} Nxf4 27. gxf4) 26... Qxh4 $1 27. fxe5 (27. Ra3 Ng6) 27... Bxe5 (27... Ng3 $142 {( -> ...Qh1#)} 28. fxg3 Qxg3+ 29. Kh1 Qh3+ 30. Kg1 Qxe3+ 31. Kg2 Rf8) 28. Nf1 Rf8 {[%emt 0:04:20][%cal Of8f3] ...Rf3! is the strong threat.} 29. Qd1 (29. Bd1 $142 Kh7 30. b4) 29... Rc7 30. Bxg4 Rg7 31. f3 {[%emt 0:00:04] [#]} Nf6 (31... Rxf3 $142 $3 32. Qxf3 Rxg4+ 33. Qxg4+ Qxg4+ 34. Kf2 Bf6 35. Bxh6 Bh4+ 36. Ke3 Bxe1) 32. b3 (32. Bf2 $2 Qh3 33. Ra3 Nxg4 34. fxg4 Rxg4+ 35. Qxg4+ Qxg4+ 36. Bg3 Bd4+ 37. Kh2 Rxf1 $1 38. Rxf1 Qe2+ 39. Rf2 Bxf2) 32... Nxg4 33. fxg4 {[%emt 0:00:21] And now Rg2 would win.} Qh3 ({Resist} 33... Rxg4+ 34. Qxg4+ $3 Qxg4+ 35. Rg2 $18) (33... Bc3 $1 $19 34. Rh2 Qxe1 35. Qxe1 Bxe1) 34. Rg2 $16 {[%emt 0:02:06][%cal Ba2g2,Bg2g1,Bg1f1,Bf1f2][%mdl 32] Black must now prevent Nd2.} Rxf1+ (34... h5 $16 {is more resistant.}) 35. Kxf1 $18 Qh1+ {[%emt 0:00:01] [#]} 36. Rg1 $1 Rf7+ (36... Qh2 $142 37. Re2 Qh3+ 38. Rgg2 (38. Ke1 Bc3+ 39. Bd2 Bd4 $11) 38... h5) 37. Ke2 {[%emt 0:00:34] White is clearly winning.} ({Worse is} 37. Bf2 Qh3+ 38. Rg2 {[#]} Rxf2+ $1 39. Kxf2 Bd4+ 40. Qxd4 cxd4 $17) 37... Qxe4 38. Ref1 {[%emt 0:01:14] Strongly threatening Rxf7.} Rxf1 39. Rxf1 Qg2+ 40. Kd3 Qxd5+ 41. Kc2 Qg2+ 42. Rf2 Qe4+ 43. Qd3 {[%emt 0:00:09] Weighted Error Value: White=0.87/Black=0.85} 1-0

[Event "Italian-ch Semifinal 2022"]
[Site "Acqui Terme"]
[Date "2022.06.17"]
[Round "7.2"]
[White "Hercegovac, Neven"]
[Black "Lettieri, Giuseppe"]
[Result "0-1"]
[ECO "B15"]
[WhiteElo "2155"]
[BlackElo "2445"]
[Annotator "TA"]
[PlyCount "88"]
[EventDate "2022.06.15"]
[EventType "swiss"]
[EventCountry "ITA"]
[SourceTitle "playchess.com"]
[Source "ChessBase"]
[SourceQuality "1"]
[TimeControl "40/5400+30:1800+30"]

1. e4 c6 2. d4 d5 3. Nc3 dxe4 4. Nxe4 Nf6 5. Ng3 h5 6. h3 {[%emt 0:00:06] B15: Caro-Kann: 3 Nc3: 3...g6 and 3...dxe4 4 Nxe4 Nf6 5 Nxf6+ exf6.} c5 {[%emt 0:00:11] [#]} 7. Nf3 $146 ({Predecessor:} 7. c3 cxd4 8. cxd4 Qa5+ 9. Bd2 Qb6 10. Bc3 h4 11. N3e2 g5 12. Nf3 Bh6 13. Qc2 Rg8 {½-½ (21) Glatting,L (1779)-Adermann,M (1443) Willingen 2007}) 7... Nc6 8. Bc4 $1 {[%emt 0:05:48] The position is equal.} ({Reject} 8. dxc5 Qxd1+ 9. Kxd1 h4 $15) 8... a6 9. dxc5 Qxd1+ $1 10. Kxd1 h4 11. Ne2 Ne4 12. Be3 e6 13. Ned4 Nxd4 14. Bxd4 Nxc5 15. Re1 Rh5 16. Re5 Rxe5 17. Bxe5 b5 18. Bb3 (18. Be2 $15) 18... f6 19. Bd4 Nxb3 20. axb3 Bb7 {[%emt 0:00:30] [#] White must now prevent ...0-0-0.} 21. Ke2 Rc8 22. c3 e5 23. Bb6 g5 24. Rd1 Be7 25. Ne1 Rc6 26. Be3 f5 27. f3 Re6 28. Nc2 (28. b4 $11 {keeps the balance.}) 28... g4 $17 29. Bf2 gxf3+ 30. gxf3 f4 {[%emt 0:00:01] Prevents Ne3.} 31. Re1 $2 {[%emt 0:01:29] [#] This move loses the game for White.} (31. Nb4 $15) 31... Bd5 $1 $19 32. b4 Kf7 33. Bc5 (33. Rg1 {was necessary.}) 33... Rg6 34. Kf2 Bf6 {[%emt 0:00:35] aiming for ...Rg3.} 35. Rd1 Ke6 {[%emt 0:00:22] Hoping for ...Rg3.} 36. Rg1 (36. Rh1 $142) 36... Rxg1 37. Kxg1 Bxf3 {[%emt 0:00:06][%mdl 4096] Endgame KBB-KBN} 38. Kf2 Be4 39. Ne1 Kd5 40. b3 Bf5 41. Kg2 e4 42. Nc2 Bxc3 {[%emt 0:00:30] ( -> ...e3). A strong pair of Bishops.} 43. Be7 e3 44. Na3 Be1 {[%emt 0:14:57] Weighted Error Value: White=0.85/Black=0.07 (flawless)} (44... Be4+ $142 45. Kg1 e2 46. Bxh4 Bd4+ 47. Kh2 f3 48. Be1 f2 49. Bxf2 Bxf2 50. Nc2 Bxc2 51. h4 e1=Q 52. Kg2 Bxh4 53. Kh2 Qg3+ 54. Kh1 Be4#) 0-1